 Dungeon Crawl Stone Soup version 0.21-a0-513-gdcb3f5e (webtiles) character file.

727896 kae the Skullcrusher (level 27, -10/265 HPs)
             Began as a Minotaur Fighter on Nov 29, 2017.
             Was the Champion of Qazlal.
             Mangled by a green draconian
             ... wielding a +0 morningstar
              (20 damage)
             ... on level 2 of the Realm of Zot on Dec 2, 2017.
             The game lasted 01:46:56 (68049 turns).

kae the Skullcrusher (Minotaur Fighter)            Turns: 68049, Time: 01:46:57

Health: -10/265    AC: 50    Str: 28 (29) XL:     27
Magic:  0/35       EV: 13    Int:  7      God:    Qazlal [******]
Gold:   4646       SH: 24    Dex: 10      Spells: 26/26 levels left

rFire    + + .     SeeInvis +   E - +9 demon whip of the Pit {vamp, rElec rF+ MR++ Dex-3}
rCold    + . .     Gourm    .   M - +0 shield "Veusegoe" {rF- MR+++ Dex-4 Stlth+}
rNeg     + . .     Faith    .   Z - +12 gold dragon scales
rPois    +         Spirit   +   e - +2 hat
rElec    +         Reflect  .   c - scarf {Spirit}
rCorr    .         Harm     .   L - +2 pair of gloves "Qanuc" {Str+2 SInv Stlth-}
MR       +++++     Clarity  +   O - +2 pair of boots
Stlth    ..........             l - amulet "Sular" {RegenMP Fragile Slay+6}
HPRegen  0.54/turn              B - ring of positive energy
MPRegen  0.49/turn              j - ring of protection from fire

@: about to teleport, protected from physical damage, repel missiles
A: retaliatory headbutt, horns 2, rugged brown scales 1, agile 1, clarity,
deterioration 1
}: 3/15 runes: serpentine, barnacled, silver
a: Upheaval, Elemental Force, Disaster Area, Renounce Religion


You were on level 2 of the Realm of Zot.
You worshipped Qazlal.
Qazlal was exalted by your worship.
You were not hungry.

You visited 14 branches of the dungeon, and saw 52 of its levels.
You visited 1 bazaar.
You also visited: Labyrinth and Sewer.

You collected 7605 gold pieces.
You spent 2959 gold pieces at shops.

Inventory:

Hand Weapons
 r - the +8 flail of Aryblups {crush, rN+}
   (You bought it in a shop on level 1 of the Shoals)

   It inflicts extra damage upon your enemies.
   It protects you from negative energy.
 E - the +9 demon whip of the Pit (weapon) {vamp, rElec rF+ MR++ Dex-3}
   (You found it on level 6 of the Lair of Beasts)

   It inflicts no extra harm, but heals its wielder when it wounds a living foe.
   It affects your dexterity (-3).
   It protects you from fire.
   It insulates you from electricity.
   It affects your resistance to hostile enchantments.
Armour
 c - a scarf of spirit shield (worn)
 e - a +2 hat (worn)
 L - the +2 pair of gloves "Qanuc" (worn) {Str+2 SInv Stlth-}
   (You bought it in a shop in a bazaar)

   It affects your strength (+2).
   It lets you see invisible.
   It makes you less stealthy.
 M - the +0 shield "Veusegoe" (worn) {rF- MR+++ Dex-4 Stlth+}
   (You found it on level 11 of the Dungeon)

   It affects your dexterity (-4).
   It makes you vulnerable to fire.
   It affects your resistance to hostile enchantments.
   It makes you more stealthy.
 O - a +2 pair of boots (worn)
 Z - +12 gold dragon scales (worn)
Jewellery
 b - an uncursed ring of protection from magic
 j - a ring of protection from fire (right hand)
 l - the amulet "Sular" (around neck) {RegenMP Fragile Slay+6}
   (You bought it in a shop on level 1 of the Depths)

   [amulet of magic regeneration]

   It increases your magic regeneration.
   It affects your accuracy and damage with ranged weapons and melee attacks
   (+6).
   It will be destroyed if unequipped.
 B - a ring of positive energy (left hand)
 C - an uncursed ring of positive energy
 S - a +5 ring of evasion
Wands
 h - a wand of clouds (6)
 p - a wand of polymorph (73)
 y - a wand of scattershot (18)
 G - a wand of digging (91)
 U - a wand of paralysis (29)
 V - a wand of iceblast (40)
Scrolls
 g - 18 scrolls of teleportation
 m - 3 scrolls of fear
 q - 12 scrolls of enchant weapon
 s - 27 scrolls of remove curse
 t - 12 scrolls of magic mapping
 z - 12 scrolls of identify
 A - 7 scrolls of blinking
 I - 5 scrolls of fog
 R - 2 scrolls of holy word
 Y - a scroll of summoning
Potions
 d - 4 potions of haste
 i - 4 potions of brilliance
 k - 23 potions of curing
 o - 6 potions of magic
 u - 12 potions of heal wounds
 v - 2 potions of invisibility
 w - 7 potions of ambrosia
 F - 3 potions of mutation
 J - 2 potions of flight
 K - a potion of berserk rage
 N - 5 potions of cancellation
 Q - 6 potions of might
 T - 3 potions of agility
 W - 7 potions of lignification
 X - a potion of resistance
Miscellaneous
 a - the horn of Geryon
Comestibles
 f - 17 bread rations
 n - a chunk of flesh
 x - 11 royal jellies
 D - 10 meat rations
 H - 35 fruits


   Skills:
 + Level 23.0 Fighting
 O Level 27 Maces & Flails
 + Level 23.0 Armour
 + Level 15.3 Dodging
 - Level 20.7 Shields
 + Level 19.6 Invocations
 + Level 14.2 Evocations


You had 26 spell levels left.
You didn't know any spells.

Dungeon Overview and Level Annotations

Branches:
Dungeon (15/15)            Temple (1/1) D:4            Lair (6/6) D:11
 Shoals (4/4) Lair:2        Snake (4/4) Lair:4        Slime (0/5) Lair:6
    Orc (2/2) D:11            Elf (2/3) Orc:2        Vaults (5/5) D:13
  Crypt (3/3) Vaults:2       Tomb (1/3) Crypt:3      Depths (5/5) D:15
   Hell (1/1)                 Dis (0/7) Hell            Geh (1/7) Hell
    Coc (0/7) Hell            Tar (0/7) Hell            Zot (2/5) Depths:5

Altars:
Ashenzari
Cheibriados
Dithmenos
Elyvilon
Fedhas
Gozag
Hepliaklqana
Kikubaaqudgha
Makhleb
Nemelex Xobeh
Okawaru
Qazlal
Ru
Sif Muna
Trog
Uskayaw
Vehumet
Wu Jian
Xom
Yredelemnul
Zin
The Shining One
Beogh

Shops:
D:13 *[   Orc:1 *   Orc:2 *[(:   Shoals:1 (   Shoals:2 (   Snake:1 ?
Snake:3 (   Snake:4 [*(   Vaults:2 ((   Depths:1 =}=   Depths:3 }%[

Portals:
Hell: Depths:1 Depths:2 Depths:3 Depths:4 Depths:5*
Abyss: Depths:4
Pandemonium: Depths:3
Ziggurat: Depths:4

Annotations:
D:5 Duvessa
D:7 exclusion: statue


Innate Abilities, Weirdness & Mutations

You reflexively headbutt those who attack you in melee.
You have a pair of horns on your head.
You are partially covered in rugged brown scales. (AC +1, +3% HP)
You are agile. (Dex +2)
You possess an exceptional clarity of mind.
Your body sometimes deteriorates upon taking damage.


Message History

You block the storm dragon's attack. x2
Found a throwing net.
The storm dragon barely misses you. You block the storm dragon's attack.
The storm dragon tramples you but does no damage.
The curse toe calls on the powers of darkness!
The green draconian convulses!
The storm dragon convulses!
Your body is wracked with pain!
* * * LOW HITPOINT WARNING * * *
The moth of wrath convulses!
You block the storm dragon's attack. x2
The storm dragon tramples you but does no damage.
The green draconian is engulfed in freezing vapours.
The green draconian rages.
You block the storm dragon's attack. x3
The storm dragon bites you but does no damage.
The storm dragon misses you. The storm dragon tramples you.
* * * LOW HITPOINT WARNING * * *
You hold your ground!
The storm dragon is no longer berserk.
You block the storm dragon's attack. x3
The green draconian hits you with a morningstar!!
You die...

....... .........#
##.........#
#..........#
#..........#
#...≈≈≈f≈≈.#
#§(§≈# #≈f# ....
#@d.≈# #ff# ###
..... #.D§§#
#f.#####f. .....#
#§§.≈####≈z'§.ffff
.....#
#...≈§y≈f≈.#####.#
.....#
#....§.....# #.#
.....#
############ #.#
.....# #.# .....#
#.# §≈≈≈.# #.#


You could see a storm dragon, a green draconian (berserk), a moth of wrath and a
wandering mushroom.

Vanquished Creatures
  3 ancient liches
  Sojobo (Depths:2)
  A greater mummy (Tomb:1)
  Frederick (Vaults:4)
  Vashnia (Snake:2)
  4 Killer Klowns (Zot:2)
  Saint Roka (Orc:1)
  3 golden dragons
  Geryon (Hell)
  Jory (Depths:4)
  A bone dragon (Depths:5)
  3 Brimstone Fiends
  5 tentacled monstrosities
  An Ice Fiend (Depths:1)
  6 liches
  6 titans
  Gastronok (Orc:1)
  4 ancient champions
  8 quicksilver dragons
  2 death cobs (Zot:1)
  3 shadow dragons
  A kraken (Shoals:1)
  8 sphinxes
  Donald (Shoals:1)
  3 tengu reavers
  3 storm dragons
  A draconian monk (Zot:1)
  9 frost giants
  5 revenants
  Ilsuiw (Shoals:4)
  12 nagarajas
  9 fire giants
  Louise (Depths:4)
  5 deep elf sorcerers
  A draconian knight (Zot:1)
  2 fire giants (shapeshifter) (Vaults:5)
  2 iron dragons
  3 ghost moths
  An orc warlord (Orc:1)
  3 balrugs
  A cacodemon (Depths:3)
  17 vault wardens
  3 curse skulls
  2 deep elf elementalists
  5 draconian shifters
  6 ghouls
  2 draconian annihilators
  A spriggan defender (Depths:5)
  4 draconian stormcallers
  10 stone giants
  13 ironheart preservers
  6 entropy weavers
  8 war gargoyles
  2 bennus (Tomb:1)
  4 reapers
  3 black draconians
  19 very ugly things
  5 green draconians
  8 vampire knights
  4 deep elf demonologists
  5 deep elf annihilators
  18 purple draconians
  3 white draconians
  8 yellow draconians
  An entropy weaver (shapeshifter) (Vaults:5)
  A lorocyproca (Hell)
  3 red draconians
  Snorg (Lair:4)
  A spark wasp (Depths:3)
  3 deep elf death magi
  Josephine (Orc:2)
  8 eidola
  8 ettins
  8 merfolk javelineers
  11 jiangshi
  3 blizzard demons
  11 merfolk impalers
  A minotaur (Lab)
  A green death (Hell)
  A fire dragon (shapeshifter) (Vaults:5)
  2 quicksilver dragon zombies
  17 yaktaur captains
  5 mummy priests (Tomb:1)
  12 fire dragons
  6 great orbs of eyes
  A hydra (shapeshifter) (Depths:3)
  7 hydras
  9 centaur warriors
  11 ice dragons
  4 rakshasas
  8 spriggan air magi
  32 vault guards
  4 catoblepae
  Erica (D:8)
  19 naga warriors
  9 anacondas
  4 merfolk avatars
  An alligator snapping turtle (Shoals:2)
  5 merfolk aquamancers (Shoals:4)
  12 ogre magi
  35 two-headed ogres
  4 death knights
  A queen ant (Lair:5)
  2 satyrs (Shoals:4)
  23 dancing weapons
  9 deep troll shamans
  12 deep troll earth magi
  4 tengu warriors
  12 hell hogs
  4 orc high priests
  4 spriggan berserkers
  5 vampire magi
  8 death yaks (Lair:6)
  A titan zombie (Crypt:3)
  11 naga sharpshooters
  Sonja (D:15)
  27 hell knights
  3 soul eaters (Hell)
  A storm dragon zombie (Geh:1)
  20 deep elf knights
  7 shock serpents
  8 sun demons
  3 iron trolls
  2 titan skeletons
  Nergalle (Lair:1)
  2 iron golems (Hell)
  43 skeletal warriors
  A storm dragon skeleton (Vaults:2)
  3 salamander mystics
  20 shadow wraiths
  An iron troll (shapeshifter) (Vaults:5)
  2 death drakes (Depths:2)
  2 unseen horrors
  18 sea snakes
  21 flayed ghosts
  19 deep trolls
  A glowing orange brain (shapeshifter) (Depths:4)
  16 orc knights
  A deep troll (shapeshifter) (Vaults:5)
  10 ironbrand convokers
  4 glowing orange brains
  A spark wasp zombie (Hell)
  18 phantasmal warriors
  2 spectral hydras (Depths:2)
  A lindwurm (shapeshifter) (Vaults:3)
  2 orange crystal statues (Depths:2)
  25 deep elf archers
  7 naga ritualists
  13 wizards
  2 tengu zombies (Hell)
  2 shadow dragon zombies (Geh:1)
  20 ugly things
  6 wolf spiders
  19 mana vipers
  7 necromancers
  4 anaconda skeletons
  41 harpies
  2 sphinx zombies (Hell)
  3 iron dragon zombies
  69 deep elf magi
  3 frost giant zombies
  21 salamanders
  4 orc sorcerers
  3 stone giant zombies
  11 moths of wrath
  10 cyclopes
  A faun (Shoals:1)
  2 fire giant zombies
  An iron dragon skeleton (Geh:1)
  12 manticores
  A moth of wrath (shapeshifter) (Vaults:5)
  4 human skeletons (Vaults:2)
  7 merfolk sirens
  4 elephants (Lair:2)
  2 elf zombies (Hell)
  10 fire giant skeletons
  15 vault sentinels
  10 guardian serpents
  A dire elephant zombie (Crypt:3)
  An elephant (shapeshifter) (Vaults:3)
  7 water nymphs
  8 rust devils (Hell)
  35 black mambas
  A frost giant skeleton (Vaults:2)
  21 naga magi
  A spiny frog (shapeshifter) (Depths:2)
  8 spiny frogs
  4 hellions
  5 gargoyles
  A death yak zombie (Crypt:2)
  A komodo dragon (shapeshifter) (Vaults:4)
  2 rime drakes
  An efreet (D:12)
  A demonic crawler (Hell)
  59 yaktaurs
  A yaktaur zombie (Hell)
  2 anaconda simulacra (Depths:2)
  A kobold demonologist (D:12)
  A tormentor (Geh:1)
  4 spectral merfolk (Depths:2)
  14 freezing wraiths
  10 komodo dragons
  14 ice devils
  A hydra zombie (Hell)
  10 guardian mummies (Tomb:1)
  18 trolls
  A queen bee (shapeshifter) (Vaults:4)
  9 red devils
  A wind drake (shapeshifter) (Vaults:1)
  8 hornets
  3 tengu conjurers
  A jumping spider (Vaults:5)
  3 wind drakes
  2 deep troll zombies (Hell)
  An alligator zombie (Crypt:2)
  40 merfolk
  8 snapping turtles
  2 ettin zombies
  2 bog bodies
  3 raiju (Depths:2)
  25 slime creatures
  10 dream sheep
  3 hydra skeletons
  2 hippogriffs (shapeshifter)
  A guardian serpent zombie (Crypt:1)
  A stone giant simulacrum (Crypt:1)
  A fire dragon zombie (Hell)
  15 blink frogs
  An ice dragon zombie (Geh:1)
  18 hippogriffs
  A centaur simulacrum (D:15)
  10 fire dragon skeletons
  26 flying skulls
  19 shadows
  28 wraiths
  An ice dragon skeleton (Crypt:3)
  A black mamba zombie (Crypt:1)
  15 redbacks
  6 wyverns
  An alligator skeleton (Hell)
  4 ettin skeletons
  2 tarantellas
  A spriggan (shapeshifter) (Vaults:1)
  26 water elementals
  7 air elementals
  2 humans (D:13)
  9 vampires
  17 fire elementals
  A hog (shapeshifter) (Depths:1)
  An ushabti (Tomb:1)
  37 yaks
  3 spriggans
  3 basilisks
  A fire bat (shapeshifter) (Vaults:5)
  A black mamba skeleton (Geh:1)
  8 hungry ghosts
  2 fire bats (Geh:1)
  A steam dragon (D:13)
  17 vampire mosquitoes
  Edmund (D:4)
  A glowing shapeshifter zombie (Crypt:1)
  A naga (shapeshifter) (Vaults:4)
  17 wargs
  A hydra simulacrum (Hell)
  76 nagas
  3 acid dragons
  A merfolk zombie (Geh:1)
  2 floating eyes (Depths:2)
  6 soldier ants
  15 water moccasins
  A deep troll skeleton (Crypt:2)
  3 spectral trolls (Depths:2)
  7 hell hounds
  A merfolk skeleton (Crypt:1)
  11 porcupines
  The ghost of kae the Ruffian, an amateur TrMo (D:3)
  30 ogres
  A snapping turtle zombie (Depths:2)
  An alligator simulacrum (Hell)
  5 ice beasts
  45 orc warriors
  5 sky beasts
  A spiny frog skeleton (Geh:1)
  A swamp dragon zombie (Crypt:2)
  A black bear (D:9)
  A black bear (shapeshifter) (Vaults:2)
  8 necrophages
  5 phantoms
  5 eyes of draining
  A hornet zombie (D:9)
  An ettin simulacrum (Crypt:1)
  8 boggarts
  15 wolves
  9 centaurs
  14 crocodiles
  A salamander zombie (Crypt:1)
  3 big kobolds
  25 bullfrogs
  A gnoll sergeant (D:7)
  A spiny frog simulacrum (Crypt:1)
  3 earth elementals
  2 wyvern skeletons
  A wyvern zombie (D:12)
  Dowan (D:5)
  11 scorpions
  8 killer bees
  2 spectral ogres (Depths:2)
  37 wights
  3 spectral nagas (Depths:2)
  2 electric eels
  4 howler monkeys
  A spectral centaur (Depths:2)
  19 crimson imps
  2 bullfrog zombies
  2 centaur zombies
  A wyvern simulacrum (D:14)
  A human simulacrum (Vaults:1)
  2 quasits
  6 bullfrog skeletons
  10 hounds
  6 jellies
  22 orc priests
  4 centaur skeletons
  2 iguanas
  28 orc wizards
  26 worker ants
  A spriggan simulacrum (Depths:2)
  An acid dragon zombie (Crypt:2)
  A big kobold zombie (Crypt:2)
  8 ogre zombies (D:11)
  A big kobold skeleton (Crypt:2)
  A tengu skeleton (Geh:1)
  A hound zombie (D:7)
  7 mummies (Tomb:1)
  4 worker ant zombies
  23 gnolls
  16 adders
  2 river rats (Sewer)
  8 shadow imps
  A white imp (D:8)
  6 oozes
  3 adder zombies (D:7)
  6 worms
  4 dart slugs
  10 leopard geckos
  102 orcs
  13 bats
  3 giant cockroaches
  11 goblins
  11 hobgoblins
  6 jackals
  3 quokkas
  6 ball pythons
  3 frilled lizards
  A goblin skeleton (D:11)
  2 hobgoblin skeletons (D:11)
  3 hobgoblin zombies (D:11)
  31 kobolds
  A kobold skeleton (Crypt:3)
  A leopard gecko skeleton (D:6)
  2 orc skeletons
  18 orc zombies (D:11)
  A quokka skeleton (Crypt:1)
  A quokka zombie (Crypt:1)
  11 rats
  A butterfly (Lair:4)
  A tentacle (Shoals:1)
2777 creatures vanquished.

Vanquished Creatures (others)
  Mara (Vaults:4)
  A spriggan air mage (Depths:4)
  A centaur warrior (Depths:4)
  A deep troll shaman (Depths:4)
  An ogre mage (Vaults:3)
  A hell hog (Geh:1)
  A sun demon (Hell)
  A deep elf knight (Elf:2)
  3 deep trolls (Depths:4)
  A salamander (Snake:4)
  A mana viper (Snake:2)
  2 merfolk sirens (Shoals:4)
  An air elemental (Depths:4)
  A black mamba zombie (Geh:1)
  A water elemental (Shoals:4)
  A warg (Depths:2)
  An ogre (Vaults:3)
  A boggart (Vaults:1)
  2 centaurs
  A gnoll (Orc:2)
  An orc (Orc:2)
  A bush (D:7)
  42 fungi
  41 plants
  4 tentacles (Shoals:1)
  10 withered plants (Crypt:3)
123 creatures vanquished.

Grand Total: 2900 creatures vanquished

Notes
Turn   | Place    | Note
-------+----------+-------------------------------------------
     0 | D:1      | kae the Minotaur Fighter began the quest for the Orb.
     0 | D:1      | Reached XP level 1. HP: 19/19 MP: 0/0
    52 | D:1      | Reached XP level 2. HP: 27/27 MP: 1/1
    99 | D:1      | Reached skill level 3 in Maces & Flails
   172 | D:1      | Reached XP level 3. HP: 26/33 MP: 2/2
   863 | D:2      | Found an ornate altar of the Wu Jian Council.
   882 | D:2      | Reached XP level 4. HP: 40/40 MP: 3/3
  1021 | D:2      | Found a hide-covered altar of Uskayaw.
  1143 | D:2      | Reached skill level 4 in Maces & Flails
  1570 | D:2      | Found a shattered altar of Ashenzari.
  1573 | D:2      | Found a white marble altar of Elyvilon.
  1576 | D:2      | Found a glowing golden altar of the Shining One.
  1710 | D:3      | Reached XP level 5. HP: 30/47 MP: 4/4
  2034 | D:3      | Found a shadowy altar of Dithmenos.
  2071 | D:3      | Reached skill level 5 in Maces & Flails
  2199 | D:3      | Reached XP level 6. HP: 39/55 MP: 5/5
  2351 | D:3      | Found an opulent altar of Gozag.
  2427 | D:3      | Reached skill level 5 in Shields
  2509 | D:3      | Reached skill level 5 in Fighting
  2561 | D:3      | Reached skill level 5 in Armour
  2787 | D:3      | Noticed kae's ghost (amateur TrMo)
  2797 | D:3      | Killed kae's ghost
  2872 | D:4      | Noticed Edmund
  2886 | D:4      | Killed Edmund
  2886 | D:4      | Reached skill level 6 in Maces & Flails
  2886 | D:4      | Reached XP level 7. HP: 31/61 MP: 0/6
  2925 | D:4      | Found a glowing drain.
  2951 | Sewer    | Entered a sewer
  4053 | D:4      | Found a staircase to the Ecumenical Temple.
  4064 | Temple   | Entered the Ecumenical Temple
  4167 | Temple   | Became a worshipper of Qazlal Stormbringer
  4189 | D:4      | Reached skill level 7 in Maces & Flails
  4599 | D:4      | Reached skill level 1 in Invocations
  4599 | D:4      | Reached XP level 8. HP: 67/70 MP: 7/7
  4683 | D:5      | Entered Level 5 of the Dungeon
  4913 | D:5      | Noticed Dowan
  4914 | D:5      | Noticed Duvessa
  4920 | D:5      | Killed Dowan
  5813 | D:6      | Reached skill level 8 in Maces & Flails
  6414 | D:6      | Reached * piety under Qazlal
  6798 | D:7      | Reached skill level 9 in Maces & Flails
  6798 | D:7      | Reached XP level 9. HP: 46/79 MP: 10/10
  7292 | D:7      | Found a blossoming altar of Fedhas.
  7859 | D:7      | Found a radiant altar of Vehumet.
  8152 | D:7      | Reached ** piety under Qazlal
  8226 | D:8      | Reached skill level 10 in Maces & Flails
  8504 | D:8      | Noticed Erica
  8510 | D:8      | Killed Erica
  8510 | D:8      | Reached XP level 10. HP: 61/88 MP: 12/12
  9245 | D:9      | Reached skill level 11 in Maces & Flails
  9297 | D:9      | Reached *** piety under Qazlal
  9299 | D:9      | Reached skill level 5 in Invocations
  9766 | D:9      | Reached **** piety under Qazlal
 10617 | D:10     | Entered Level 10 of the Dungeon
 10643 | D:10     | Noticed a two-headed ogre
 10838 | D:10     | Reached skill level 12 in Maces & Flails
 10862 | D:10     | Found a glowing golden altar of the Shining One.
 10878 | D:10     | Reached XP level 11. HP: 50/97 MP: 14/14
 10879 | D:10     | Killed a two-headed ogre
 10899 | D:10     | Noticed a two-headed ogre
 10909 | D:10     | Killed a two-headed ogre
 11832 | D:11     | Killed an unseen horror
 11956 | D:11     | Noticed a centaur warrior
 11961 | D:11     | Noticed a two-headed ogre
 11972 | D:11     | Killed a centaur warrior
 11972 | D:11     | Reached skill level 10 in Shields
 11973 | D:11     | Reached skill level 10 in Armour
 11975 | D:11     | Killed a two-headed ogre
 11975 | D:11     | Reached skill level 10 in Fighting
 11975 | D:11     | Reached skill level 13 in Maces & Flails
 12009 | D:11     | Noticed a white ugly thing
 12030 | D:11     | Killed a white ugly thing
 12045 | D:11     | HP: 5/100 [ogre zombie (5)]
 12119 | D:11     | Found a staircase to the Lair.
 12119 | D:11     | Reached ***** piety under Qazlal
 12131 | D:11     | Noticed a two-headed ogre
 12177 | D:11     | Found a staircase to the Orcish Mines.
 12264 | D:11     | Reached XP level 12. HP: 63/107 MP: 16/16
 12293 | D:11     | Found a labyrinth entrance.
 12301 | Lab      | Entered a labyrinth
 14393 | Lab      | Noticed a minotaur
 14404 | Lab      | Killed a minotaur
 14751 | D:11     | Got a distressingly furry shield
 14762 | D:11     | Identified the +0 shield "Veusegoe" {rF- MR+++ Dex-4 Stlth+} (You found it on level 11 of the Dungeon)
 14832 | D:11     | Got a coiled graven amulet
 14910 | D:11     | Killed a two-headed ogre
 14965 | D:11     | Reached skill level 14 in Maces & Flails
 16087 | D:12     | Noticed a centaur warrior
 16101 | D:12     | Killed a centaur warrior
 16359 | D:12     | Noticed a death knight
 16361 | D:12     | Noticed a two-headed ogre
 16365 | D:12     | Noticed a two-headed ogre
 16365 | D:12     | Killed a death knight
 16365 | D:12     | Reached skill level 15 in Maces & Flails
 16368 | D:12     | Killed a two-headed ogre
 16368 | D:12     | Reached XP level 13. HP: 112/116 MP: 18/18
 17352 | Lair:1   | Entered Level 1 of the Lair of Beasts
 17378 | Lair:1   | Noticed Nergalle
 17392 | Lair:1   | Killed Nergalle
 17995 | Lair:1   | Identified the amulet of Loqurur {Harm *Drain MR+ Int+2} (You found it on level 11 of the Dungeon)
 19017 | Lair:2   | Reached skill level 16 in Maces & Flails
 19359 | Lair:2   | Found a staircase to the Shoals.
 20560 | Lair:4   | Found a staircase to the Snake Pit.
 20565 | Lair:4   | Noticed Snorg
 20578 | Lair:4   | Killed Snorg
 20582 | Lair:4   | Reached XP level 14. HP: 102/127 MP: 20/20
 21064 | Lair:5   | Reached ****** piety under Qazlal
 21292 | Lair:5   | Noticed an entropy weaver
 21300 | Lair:5   | Killed an entropy weaver
 21315 | Lair:5   | Noticed an entropy weaver
 21335 | Lair:5   | Killed an entropy weaver
 22124 | Lair:6   | Entered Level 6 of the Lair of Beasts
 22144 | Lair:6   | Reached skill level 10 in Invocations
 22154 | Lair:6   | Reached skill level 17 in Maces & Flails
 23280 | Lair:6   | Found a staircase to the Slime Pits.
 23808 | Lair:1   | Gained mutation: Your body sometimes deteriorates upon taking damage. [potion of mutation]
 23808 | Lair:1   | Gained mutation: You are partially covered in rugged brown scales. (AC +1, +3% HP) [potion of mutation]
 23808 | Lair:1   | Gained mutation: You possess an exceptional clarity of mind. [potion of mutation]
 23823 | Orc:1    | Entered Level 1 of the Orcish Mines
 23835 | Orc:1    | Noticed Gastronok
 23853 | Orc:1    | Killed Gastronok
 23853 | Orc:1    | Reached XP level 15. HP: 140/140 MP: 21/21
 24101 | Orc:2    | Entered Level 2 of the Orcish Mines
 24102 | Orc:2    | Noticed Josephine
 24113 | Orc:2    | Killed Josephine
 24532 | Orc:2    | Noticed an orc warlord
 24543 | Orc:2    | Reached skill level 18 in Maces & Flails
 24899 | Orc:1    | Killed an orc warlord
 25150 | Orc:2    | Noticed Saint Roka
 26046 | Orc:1    | Killed Saint Roka
 26295 | Orc:2    | Found Foti's General Store.
 26396 | Orc:2    | Found a radiant altar of Vehumet.
 26418 | Orc:2    | Found Jegom's Antique Weapon Emporium.
 26521 | Orc:2    | Found Heeten's Book Emporium.
 26627 | Orc:2    | Found Wagomi's Antique Armour Boutique.
 26635 | Orc:2    | Bought a pair of runed gloves for 187 gold pieces
 26662 | Orc:2    | Found a staircase to the Elven Halls.
 27054 | Orc:1    | Found Ysmey's Assorted Antiques.
 27066 | Orc:1    | Bought a scroll of identify for 54 gold pieces
 27735 | D:13     | Found Poheida's Antique Armour Emporium.
 27789 | D:13     | Found a flickering gateway to a bazaar.
 27887 | Bazaar   | Entered a bazaar
 27887 | Bazaar   | Found Ceusmas's Assorted Antiques.
 27887 | Bazaar   | Found Biblonk's Weapon Emporium.
 27904 | Bazaar   | Bought a transparent amethyst amulet for 135 gold pieces
 27904 | Bazaar   | Bought a scroll labeled VAHEZXIDGHY for 27 gold pieces
 27904 | Bazaar   | Bought a scroll labeled DUGAASAENI for 27 gold pieces
 27905 | Bazaar   | Found Sauhyir's Antique Armour Boutique.
 27913 | Bazaar   | Bought a pair of embroidered gloves for 225 gold pieces
 27915 | Bazaar   | Found Kuschir's Antique Armour Emporium.
 27923 | Bazaar   | Bought a pair of scorched gloves for 228 gold pieces
 27924 | Bazaar   | Found Juanaw's General Store.
 27944 | Bazaar   | Identified the amulet "Hanty" {Faith Dex+3} (You bought it in a shop in a bazaar)
 27956 | Bazaar   | Identified the +2 pair of gloves "Qanuc" {Str+2 SInv Stlth-} (You bought it in a shop in a bazaar)
 27981 | D:13     | Found a large runed door.
 27981 | D:13     | Found a large runed door.
 27991 | D:13     | Found Loevy's Assorted Antiques.
 28011 | D:13     | Bought a faintly humming cloak for 370 gold pieces
 28016 | D:13     | Identified the +4 cloak of Kerearolo {Dex+4} (You bought it in a shop on level 13 of the Dungeon)
 28276 | D:13     | Found a gate to the Vaults.
 28828 | D:13     | Found an iron altar of Okawaru.
 28833 | D:13     | Found an iron altar of Okawaru.
 28860 | D:13     | Found the +8 demon blade "Bloodbane" {slice, *Rage +Rage Stlth-}
 29037 | Elf:1    | Entered Level 1 of the Elven Halls
 29309 | Orc:2    | Reached skill level 19 in Maces & Flails
 29904 | Elf:1    | Reached XP level 16. HP: 130/151 MP: 23/23
 31352 | Elf:1    | Identified a scroll of acquirement
 31720 | Elf:2    | HP: 7/151 [deep elf archer/arrow (5)]
 32427 | Elf:2    | Reached skill level 15 in Armour
 32442 | Elf:2    | Reached skill level 15 in Fighting
 32451 | Elf:2    | Reached skill level 15 in Shields
 32486 | Elf:2    | Reached skill level 20 in Maces & Flails
 32908 | Elf:2    | Found a huge runed gate.
 32908 | Elf:2    | Found a huge runed gate.
 32908 | Elf:2    | Found a huge runed gate.
 32912 | Elf:2    | Found a huge runed gate.
 32912 | Elf:2    | Found a huge runed gate.
 33574 | Elf:2    | Reached XP level 17. HP: 123/160 MP: 25/25
 34256 | Lair:6   | Got a transparent demon whip
 34260 | Lair:6   | Identified the +9 demon whip of the Pit {vamp, rElec rF+ MR++ Dex-3} (You found it on level 6 of the Lair of Beasts)
 34547 | D:14     | Found a roughly hewn altar of Beogh.
 35267 | D:14     | Found the +3 warlock's mirror {reflect}
 35444 | D:15     | Entered Level 15 of the Dungeon
 35816 | D:15     | Found a staircase to the Depths.
 35907 | D:15     | Reached skill level 21 in Maces & Flails
 35985 | D:15     | Noticed Sonja
 35994 | D:15     | Killed Sonja
 36858 | Lair:2   | Paralysed by fainting for 6 turns
 36881 | Lair:4   | Paralysed by fainting for 9 turns
 36928 | Snake:1  | Entered Level 1 of the Snake Pit
 37218 | Snake:1  | Found Jasir's Magic Scroll Emporium.
 37609 | Snake:2  | Reached XP level 18. HP: 145/170 MP: 22/26
 37699 | Snake:2  | Noticed Vashnia
 37732 | Snake:2  | Killed Vashnia
 38726 | Snake:3  | Found Jemuraoth's Weapon Shop.
 38950 | Snake:3  | Reached skill level 22 in Maces & Flails
 39209 | Snake:4  | Entered Level 4 of the Snake Pit
 39212 | Snake:4  | Found Tatukk's Weapon Shop.
 39400 | Snake:4  | Found Kerhyut's Assorted Antiques.
 39402 | Snake:4  | Found Obicha Xyci's Antique Armour Shop.
 39408 | Snake:4  | Bought an amethyst potion for 23 gold pieces
 39659 | Snake:4  | Reached XP level 19. HP: 179/179 MP: 28/28
 39722 | Snake:4  | Reached skill level 1 in Evocations
 39927 | Snake:4  | Got a serpentine rune of Zot
 40538 | Snake:4  | Found a shattered altar of Ashenzari.
 40693 | Shoals:1 | Entered Level 1 of the Shoals
 40942 | Shoals:1 | Found Woetsisch's Antique Weapon Emporium.
 40945 | Shoals:1 | Bought an encrusted flail for 221 gold pieces
 41191 | Shoals:1 | Noticed Donald
 41214 | Shoals:1 | Killed Donald
 41994 | Shoals:2 | Reached skill level 23 in Maces & Flails
 42287 | Shoals:2 | Found Veluysup's Antique Weapon Emporium.
 42881 | Shoals:4 | Entered Level 4 of the Shoals
 43339 | Shoals:4 | Reached XP level 20. HP: 188/190 MP: 29/29
 43341 | Shoals:4 | Noticed Ilsuiw
 43416 | Shoals:4 | Killed Ilsuiw
 43841 | Shoals:4 | Identified the +8 flail of Aryblups {crush, rN+} (You bought it in a shop on level 1 of the Shoals)
 43989 | Shoals:4 | Got a barnacled rune of Zot
 44108 | Shoals:4 | Identified Tyrgh's Guide on Weightlessness
 44534 | Vaults:1 | Entered Level 1 of the Vaults
 44646 | Vaults:1 | Reached skill level 5 in Evocations
 45427 | Vaults:1 | Reached skill level 15 in Invocations
 45728 | Vaults:1 | Reached skill level 24 in Maces & Flails
 46008 | Vaults:2 | Reached skill level 1 in Dodging
 46221 | Vaults:2 | Reached XP level 21. HP: 199/199 MP: 31/31
 46470 | Vaults:2 | Found Wik Zyty's Antique Weapon Shop.
 46909 | Vaults:2 | Found Leaqips's Antique Weapon Shop.
 47061 | Vaults:2 | Found a staircase to the Crypt.
 48971 | Vaults:4 | Noticed Frederick
 48996 | Vaults:4 | Killed Frederick
 49118 | Vaults:4 | Found a deep blue altar of Sif Muna.
 49144 | Vaults:4 | Reached skill level 5 in Dodging
 49347 | Vaults:4 | Noticed Mara
 49358 | Vaults:4 | Noticed kae's illusion
 49367 | Vaults:4 | Killed Mara
 49445 | Vaults:4 | Reached XP level 22. HP: 210/210 MP: 32/32
 50195 | Vaults:5 | Entered Level 5 of the Vaults
 50211 | Vaults:5 | Noticed an ancient lich
 50229 | Vaults:5 | Reached skill level 25 in Maces & Flails
 50264 | Vaults:5 | Killed an ancient lich
 50380 | Vaults:5 | Noticed a golden dragon
 50380 | Vaults:5 | an acid blob changed into a golden dragon
 50452 | Vaults:5 | Noticed a caustic shrike
 50452 | Vaults:5 | a shadow dragon changed into a caustic shrike
 50454 | Vaults:5 | a caustic shrike changed into an iron dragon
 50794 | Vaults:5 | Reached XP level 23. HP: 219/219 MP: 34/34
 50857 | Vaults:5 | Noticed a caustic shrike
 50857 | Vaults:5 | an iron giant changed into a caustic shrike
 50864 | Vaults:5 | a caustic shrike changed into an iron troll
 50918 | Vaults:5 | Got a shimmering amber ring
 50984 | Vaults:5 | Identified the ring of Kewutyar {*Tele +Inv rElec MR+ Dex-5} (You took it off a yaktaur on level 5 of the Vaults)
 50991 | Vaults:5 | Reached XP level 24. HP: 209/228 MP: 34/34
 50992 | Vaults:5 | Reached XP level 25. HP: 217/237 MP: 34/34
 51161 | Vaults:5 | Got a silver rune of Zot
 52210 | Depths:1 | Entered Level 1 of the Depths
 52231 | Depths:1 | Reached skill level 26 in Maces & Flails
 52558 | Depths:1 | Found a runed gate.
 52558 | Depths:1 | Found a runed gate.
 52558 | Depths:1 | Found a runed gate.
 52559 | Depths:1 | Found the +2 Maxwell's thermic engine {flame, freeze, rF- rC-}
 52559 | Depths:1 | Found a runed gate.
 52559 | Depths:1 | Found a runed gate.
 52559 | Depths:1 | Found a runed gate.
 52610 | Depths:1 | Found a gateway to Hell.
 52715 | Depths:1 | Found Jetopuq's Jewellery Boutique.
 52715 | Depths:1 | Found Pyats's Gadget Shoppe.
 52716 | Depths:1 | Found Vabbitas's Jewellery Boutique.
 52721 | Depths:1 | Bought the amulet "Sular" {RegenMP Fragile Slay+6} for 849 gold pieces
 52727 | Depths:1 | Bought a cursed amulet of inaccuracy for 28 gold pieces
 52727 | Depths:1 | Bought a +4 ring of intelligence for 378 gold pieces
 54179 | Depths:2 | Paralysed by a floating eye for 3 turns
 54188 | Depths:2 | Noticed an ancient lich
 54213 | Depths:2 | Noticed Sojobo
 54243 | Depths:2 | Killed Sojobo
 54243 | Depths:2 | Reached skill level 10 in Evocations
 54271 | Depths:2 | Killed an ancient lich
 54510 | Depths:2 | Reached XP level 26. HP: 246/246 MP: 34/34
 55280 | Depths:3 | Reached skill level 10 in Dodging
 55289 | Depths:3 | Found Roligh's Gadget Shoppe.
 55337 | Depths:3 | Found Juvaff's Food Boutique.
 55337 | Depths:3 | Found a one-way gate leading to the halls of Pandemonium.
 55649 | Depths:3 | Reached XP level 27. HP: 252/253 MP: 29/34
 56078 | Depths:3 | Found Ruxicheg's Armour Emporium.
 56111 | Depths:3 | Bought a scarf of spirit shield for 207 gold pieces
 56695 | Depths:4 | Got a smoking steel ring
 56715 | Depths:4 | Found a one-way gate to the infinite horrors of the Abyss.
 56719 | Depths:4 | Noticed Louise
 56719 | Depths:4 | Identified the ring of the Tick {+Fly Int+2 Dex+4 SInv} (You found it on level 4 of the Depths)
 56733 | Depths:4 | Killed Louise
 56847 | Depths:4 | Reached skill level 27 in Maces & Flails
 56938 | Depths:4 | Noticed Jory
 56972 | Depths:4 | Killed Jory
 56993 | Depths:4 | Found the +10 zealot's sword {holy, *Rage rN+ EV+3}
 57335 | Depths:4 | Found a gateway to a ziggurat.
 57608 | Depths:5 | Entered Level 5 of the Depths
 58117 | Depths:5 | Found a gate to the Realm of Zot.
 58775 | Crypt:1  | Entered Level 1 of the Crypt
 60191 | Crypt:3  | Entered Level 3 of the Crypt
 60478 | Crypt:3  | Found a staircase to the Tomb.
 61508 | Crypt:3  | Found an ancient bone altar of Kikubaaqudgha.
 61546 | Crypt:3  | Noticed an ancient lich
 61568 | Crypt:3  | Killed an ancient lich
 61717 | Crypt:3  | Got a wavering granite ring
 61886 | Crypt:3  | Identified the ring of Xeun {Ice Int+6} (You found it on level 3 of the Crypt)
 62016 | Tomb:1   | Entered Level 1 of the Tomb of the Ancients
 62263 | Tomb:1   | Noticed a greater mummy
 62289 | Tomb:1   | Killed a greater mummy
 63028 | Tomb:1   | Noticed a greater mummy
 63039 | Tomb:1   | Noticed a greater mummy
 63039 | Tomb:1   | Noticed a greater mummy
 63042 | Tomb:1   | HP: 6/254 [mummy priest/divine providence (7)]
 63046 | Tomb:1   | Noticed a greater mummy
 63047 | Tomb:1   | Noticed a greater mummy
 63049 | Tomb:1   | Noticed a greater mummy
 63049 | Tomb:1   | Upgraded the game from 0.21-a0-509-gecc5317 to 0.21-a0-513-gdcb3f5e
 64426 | Hell     | Entered the Vestibule of Hell
 64431 | Hell     | Noticed Geryon
 64689 | Hell     | Killed Geryon
 65193 | Hell     | Found a gateway to the freezing wastes of Cocytus.
 65266 | Hell     | Found a gateway to the Iron City of Dis.
 65347 | Hell     | Found a gateway to the decaying netherworld of Tartarus.
 65415 | Hell     | Found a gateway to the ashen valley of Gehenna.
 65485 | Geh:1    | Entered Level 1 of Gehenna
 65846 | Geh:1    | HP: 13/262 [???[the effects of Hell] (2)]
 66325 | Geh:1    | Gained mutation: You are agile. (Dex +2) [mutagenic glow]
 66696 | Zot:1    | Entered Level 1 of the Realm of Zot
 67640 | Zot:2    | Reached skill level 15 in Dodging
 68040 | Zot:2    | HP: 12/265 [green draconian/morningstar (9)]
 68046 | Zot:2    | HP: 9/265 [??? (3)]
 68049 | Zot:2    | Mangled by a green draconian

Vault maps used:
D:1:      erik_arrival_gehennom
D:2:      nicolae_overflow_crystal_walls, overflow_temple_1_default,
          grunt_temple_overflow_diamond
D:3:      overflow_temple_1_default, first_bread, grunt_gozag_breadcrumbs
D:4:      minmay_temple_entry_grid, cheibrodos_sewer_entry_sluice, uniq_edmund
D:5:      uniq_duvessa
D:6:      minmay_door_square
D:7:      fedhas_altar_decomposition, vehumet_statue, the_bakery,
          minmay_misc_feat_more_columns
D:8:      kennysheep_flooded_box, minmay_nine_imps, uniq_erica
D:10:     tso_metal_star
D:11:     minmay_the_grid_triangle_9x9_rhombus_thin_mashed, zombieorc2_lemuel,
          serial_co_window_serial, co_window_corner_a, co_window_paths_a,
          co_window_paths_b, co_window_paths_b, co_window_paths_a,
          co_window_paths_c, co_window_unsneaky_path_c,
          co_window_unsneaky_path_a, co_window_corner_b, co_window_corner_cb,
          co_window_of_opportunity_c, co_window_4corner_b, glass_columns_a,
          glass_columns_b, lab_entry_generic
D:12:     minmay_spiral_squares
D:13:     okawaru_arena_lexackson, grunt_vaults_entry_fortified, serial_shops,
          bzr_entry_water, shop, shop_statue
D:14:     minmay_smoke_and_mirrors, fountainhead, david_defended_altar_orc
D:15:     grunt_enter_depths_giant_problem, hangedman_decor_diamond_cutter,
          minivault_28, uniq_sonja
Temple:   nicolae_temple_great_sept
Lair:1:   lemuel_fruit_tree, uniq_nergalle
Lair:2:   minmay_shoals_entry_beasts, grunt_megastairs_3
Lair:3:   serial_bayou_shore_b, grunt_megastairs_2
Lair:4:   dummy_snake_entry, lemuel_fruit_fields, uniq_snorg
Lair:5:   wad_woods_antlair
Lair:6:   evilmike_catoblepas_cave, dpeg_slime_entry_corner,
          serial_bayou_shore_a
Shoals:1: serial_shops, nicolae_shop_behind_doors, uniq_donald
Shoals:2: serial_shops, shop
Shoals:4: shoals_end_simple, shoals_ilsuiw_ice
Snake:1:  serial_shops, nicolae_shop_stone, library_closet
Snake:2:  uniq_vashnia
Snake:3:  serial_shops, nicolae_shop_waterfront
Snake:4:  grunt_snake_rune_pools, basic_altar, minmay_shop_star
Orc:1:    serial_shops, shop_statue, uniq_gastronok
Orc:2:    grunt_orc_gardens, grunt_orc_garden, grunt_orc_garden,
          grunt_orc_garden, grunt_orc_garden, basic_altar, uniq_saint_roka,
          uniq_josephine
Elf:1:    eino_elf_arrival_the_gate, hangedman_elf_disciples, spider_trap,
          corexii_hall_statues_i
Elf:2:    grunt_ministairs_4, minivault_26, fountainhead
Vaults:1: hangedman_vaults_stagger, v_misc_14, v_misc_9, ontoclasm_vaults_twist,
          hangedman_vaults_restitches, nicolae_vaults_network_s,
          ontoclasm_vaults_water_temple, v_misc_8, vaults_dpeg_doors,
          vaults_room_door_hall, vaults_room_pool,
          nicolae_vaults_little_squares_5, vaults_room_fancy_cross
Vaults:2: minmay_crypt_entry_skeletal_spiral, nicolae_vaults_little_squares_1,
          ontoclasm_vaults_misaligned, nicolae_vaults_three_branches,
          serial_shops, shop, nicolae_shop_window_shopping
Vaults:3: nicolae_vaults_network_periphery, v_misc_13,
          grunt_vaults_hallway_long, nicolae_vaults_little_squares_6, v_misc_5,
          grunt_vaults_focal, v_alt_pattern_2, vaults_room_pools
Vaults:4: nicolae_vaults_halls_meeting, ontoclasm_vaults_spin,
          nicolae_vaults_mini_display_case, vaults_dpeg_diagonal,
          ontoclasm_vaults_ring_small, vaults_dpeg_cross,
          ontoclasm_vaults_ring_square, v_misc_1, vaults_room_grid,
          vaults_mumra_hex, hangedman_vaults_maws, dpeg_vaults_monster_box,
          ontoclasm_vaults_fault, basic_altar, uniq_frederick, uniq_mara
Vaults:5: serial_shops
Crypt:2:  st_stairs_7, grunt_ministairs_1, lemuel_nasty_fountain
Crypt:3:  quadcrypt_mu
Depths:1: hell_entry, grunt_decor_arrowhead,
          brannock_guarded_unrand_thermic_engine, minmay_shop_grove,
          firewood_loft
Depths:2: lemuel_river_lethe, hell_entry, pan_entry, uniq_sojobo
Depths:3: wad_courtyard, serial_shops, nicolae_shop_stone, shop, shop,
          pan_entry, hell_entry, feat_on_display
Depths:4: due_jory_tower, enter_ziggurat_f, serial_column_ruins,
          column_ruins_hut, column_ruins_grid_1, column_ruins_columns_straight,
          column_ruins_corridor_corner, column_ruins_corridor_straight,
          hell_entry, nicolae_abyss_entry_one_way_or_another,
          serial_bayou_shore_b, infiniplex_staircase_pool_2
Depths:5: grunt_x_marks_the_spot, bh_walls_and_bars, serial_column_ruins,
          column_ruins_portal_island, column_ruins_hut,
          column_ruins_open_small_water, column_ruins_open_tiny,
          column_ruins_columns_straight, column_ruins_open_medium,
          column_ruins_grid_4, hell_entry, serial_bayou_shore_b
Geh:1:    minmay_firetagon
Zot:2:    cheibrodos_zot_enchanting_chambers
Lab:      labyrinth_mini_lab, labyrinth_fake_exit, labyrinth_lava_lair
Bazaar:   bazaar_kb_twisted_cavern
Sewer:    sewer_co_15_rooms

Skill      XL: |  1  2  3  4  5  6  7  8  9 10 11 12 13 14 15 16 17 18 19 20 21 22 23 24 25 26 27 |
---------------+----------------------------------------------------------------------------------+-----
Maces & Flails | 3 4 5 6 7 9 10 12 13 15 16 17 19 20 21 22 23 24 25 26 27 | 27.0
Fighting       | 4 5 6 7 8 9 10 11 12 13 14 15 16 17 18 19 20 23 | 23.0
Shields        | 4 5 6 7 8 9 10 11 12 13 14 15 16 17 18 19 20 | 20.7
Armour         | 4 5 6 7 8 9 10 11 12 13 14 15 16 17 18 19 20 23 | 23.0
Invocations    | 1 3 4 5 7 8 9 10 11 12 13 14 15 16 17 19 | 19.6
Evocations     | 4 6 7 8 9 10 14 | 14.2
Dodging        | 1 5 7 8 9 10 15 | 15.3

Action                   |  1- 3 |  4- 6 |  7- 9 | 10-12 | 13-15 | 16-18 | 19-21 | 22-24 | 25-27 || total
-------------------------+-------+-------+-------+-------+-------+-------+-------+-------+-------++-------
Melee: Flail             |    82 |   199 |   478 |   552 |       |       |       |       |       ||  1311
       Headbutt          |    15 |    38 |   100 |   195 |   280 |   445 |   637 |   286 |  1060 ||  3056
       Morningstar       |       |       |       |   302 |  1317 |   519 |       |       |       ||  2138
       Demon whip        |       |       |       |       |       |  1211 |  2431 |   816 |  3504 ||  7962
Invok: Upheaval          |       |       |       |     3 |       |    10 |       |       |     5 ||    18
       Disaster Area     |       |       |       |       |       |       |     1 |       |     2 ||     3
       Elemental Force   |       |       |       |       |       |       |     1 |       |     1 ||     2
Evoke: Wand              |       |       |     3 |     1 |       |       |       |       |     8 ||    12
  Use: Scroll            |     1 |       |    13 |     8 |    15 |     4 |     3 |     6 |    29 ||    79
       Potion            |     1 |     2 |       |     3 |     2 |       |       |     2 |     5 ||    15
 Stab: Petrified         |       |       |       |       |       |    11 |       |       |       ||    11
       Distracted        |       |       |       |       |       |     1 |       |     1 |       ||     2
       Petrifying        |       |       |       |       |       |     1 |       |       |       ||     1
       Confused          |       |       |       |       |       |       |       |       |     1 ||     1
  Eat: Chunk             |       |     5 |    16 |    14 |    35 |    16 |    31 |     5 |    26 ||   148
       Royal jelly       |       |       |     1 |       |     1 |       |     1 |       |     1 ||     4
       Meat ration       |       |       |     1 |       |       |     4 |       |       |     1 ||     6
       Fruit             |       |       |       |     3 |       |     1 |       |     1 |     2 ||     7
       Bread ration      |       |       |       |     3 |     2 |       |     1 |       |     5 ||    11
Armor: Scale mail        |    55 |    91 |   120 |    40 |       |       |       |       |       ||   306
       Plate armour      |       |       |       |   173 |   384 |   489 |   729 |   161 |     2 ||  1938
       Gold dragon scale |       |       |       |       |       |       |       |       |  1010 ||  1010
Dodge: Dodged            |    33 |    49 |   107 |    99 |   276 |   327 |   537 |   138 |   759 ||  2325
       Deflected         |       |       |       |     1 |    12 |    61 |    57 |     9 |    25 ||   165
Block: Shield            |    42 |   108 |   252 |   661 |  1252 |  1538 |  2225 |   478 |  2633 ||  9189
       Reflection        |       |       |     2 |    23 |    22 |       |       |       |       ||    47

Table legend:
 A = Spawn XP
 B = Non-spawn XP
 C = Spawn XP percentage of total XP
 D = Spawn monster count
 E = Non-spawn monster count
 F = Spawn count percentage of total count
 G = Total turns spent on level
                    A         B        C        D         E        F      G
               +---------+---------+-------+---------+---------+-------+---------
         Total |       0 | 1549988 |   0.0 |       0 |    2793 |   0.0 | 68049
               +---------+---------+-------+---------+---------+-------+---------
           D:1 |       0 |      73 |   0.0 |       0 |      34 |   0.0 |   782
           D:2 |       0 |      88 |   0.0 |       0 |      30 |   0.0 |   893
           D:3 |       0 |     451 |   0.0 |       0 |      45 |   0.0 |  1197
           D:4 |       0 |     667 |   0.0 |       0 |      22 |   0.0 |   773
           D:5 |       0 |     401 |   0.0 |       0 |       8 |   0.0 |  1062
           D:6 |       0 |     529 |   0.0 |       0 |      19 |   0.0 |   828
           D:7 |       0 |    1869 |   0.0 |       0 |      40 |   0.0 |  1612
           D:8 |       0 |    2438 |   0.0 |       0 |      27 |   0.0 |   935
           D:9 |       0 |    3277 |   0.0 |       0 |      52 |   0.0 |  1675
          D:10 |       0 |    4080 |   0.0 |       0 |      30 |   0.0 |   981
          D:11 |       0 |   11339 |   0.0 |       0 |      97 |   0.0 |  2168
          D:12 |       0 |   19286 |   0.0 |       0 |      79 |   0.0 |  1833
          D:13 |       0 |   13616 |   0.0 |       0 |      34 |   0.0 |  1749
          D:14 |       0 |   16709 |   0.0 |       0 |      58 |   0.0 |   990
          D:15 |       0 |   26019 |   0.0 |       0 |      58 |   0.0 |  1358
        Lair:1 |       0 |    5658 |   0.0 |       0 |      17 |   0.0 |  1387
        Lair:2 |       0 |    5972 |   0.0 |       0 |      24 |   0.0 |   926
        Lair:3 |       0 |    4106 |   0.0 |       0 |      15 |   0.0 |   874
        Lair:4 |       0 |    3917 |   0.0 |       0 |      13 |   0.0 |  1022
        Lair:5 |       0 |   11433 |   0.0 |       0 |      45 |   0.0 |   977
        Lair:6 |       0 |   22327 |   0.0 |       0 |      56 |   0.0 |  1656
      Shoals:1 |       0 |   13673 |   0.0 |       0 |      27 |   0.0 |  1116
      Shoals:2 |       0 |   19775 |   0.0 |       0 |      35 |   0.0 |   676
      Shoals:3 |       0 |   22892 |   0.0 |       0 |      43 |   0.0 |   852
      Shoals:4 |       0 |   44183 |   0.0 |       0 |      77 |   0.0 |   980
       Snake:1 |       0 |   17319 |   0.0 |       0 |      36 |   0.0 |   645
       Snake:2 |       0 |   27775 |   0.0 |       0 |      41 |   0.0 |  1065
       Snake:3 |       0 |   28040 |   0.0 |       0 |      48 |   0.0 |   662
       Snake:4 |       0 |   66732 |   0.0 |       0 |     123 |   0.0 |  1331
         Orc:1 |       0 |   18142 |   0.0 |       0 |      60 |   0.0 |  2620
         Orc:2 |       0 |   14526 |   0.0 |       0 |      74 |   0.0 |  2028
         Elf:1 |       0 |   31029 |   0.0 |       0 |      54 |   0.0 |  1729
         Elf:2 |       0 |   47606 |   0.0 |       0 |      71 |   0.0 |  2173
      Vaults:1 |       0 |   60359 |   0.0 |       0 |     104 |   0.0 |  1577
      Vaults:2 |       0 |   42732 |   0.0 |       0 |      75 |   0.0 |  1744
      Vaults:3 |       0 |   47761 |   0.0 |       0 |      74 |   0.0 |  1407
      Vaults:4 |       0 |   68636 |   0.0 |       0 |      79 |   0.0 |  1324
      Vaults:5 |       0 |  151343 |   0.0 |       0 |     122 |   0.0 |  1807
       Crypt:1 |       0 |   30781 |   0.0 |       0 |      53 |   0.0 |   938
       Crypt:2 |       0 |   37692 |   0.0 |       0 |      53 |   0.0 |   529
       Crypt:3 |       0 |   61665 |   0.0 |       0 |      81 |   0.0 |  2240
        Tomb:1 |       0 |   45507 |   0.0 |       0 |      49 |   0.0 |  1171
      Depths:1 |       0 |   42880 |   0.0 |       0 |      52 |   0.0 |  1466
      Depths:2 |       0 |   71653 |   0.0 |       0 |     107 |   0.0 |  1956
      Depths:3 |       0 |   51050 |   0.0 |       0 |      66 |   0.0 |  1351
      Depths:4 |       0 |   53983 |   0.0 |       0 |      67 |   0.0 |  1107
      Depths:5 |       0 |   52676 |   0.0 |       0 |      42 |   0.0 |  1407
          Hell |       0 |   50820 |   0.0 |       0 |      84 |   0.0 |   915
         Geh:1 |       0 |   54000 |   0.0 |       0 |     101 |   0.0 |   946
         Zot:1 |       0 |   48039 |   0.0 |       0 |      32 |   0.0 |   813
         Zot:2 |       0 |   71173 |   0.0 |       0 |      41 |   0.0 |   540
           Lab |       0 |    1085 |   0.0 |       0 |       1 |   0.0 |  2137
         Sewer |       0 |     206 |   0.0 |       0 |      18 |   0.0 |   924
               +---------+---------+-------+---------+---------+-------+---------
